 Dungeon Crawl Stone Soup version 0.29-a0-234-g0dae59b3db (webtiles) character file.

Game seed: 18317402807338130707

167 bande the Skirmisher (level 5, -1/33 HPs)
             Began as a Gargoyle Fighter on Mar 4, 2022.
             Was an Initiate of Okawaru.
             Slain by a gnoll
             ... wielding a +0 spear
              (2 damage)
             ... on level 4 of the Dungeon.
             The game lasted 00:05:58 (3444 turns).

bande the Skirmisher (Gargoyle Fighter)             Turns: 3444, Time: 00:05:59

Health: -1/33      AC: 14    Str: 19    XL:     5   Next: 48%
Magic:  5/5        EV:  9    Int:  9    God:    Okawaru [......]
Gold:   200        SH:  4    Dex: 11    Spells: 4/4 levels left

rFire   . . .      SeeInvis .   a - +1 war axe
rCold   . . .      Faith    .   c - +0 buckler
rNeg    + . .      Spirit   .   b - +0 scale mail
rPois   ∞          Reflect  .   j - +0 helmet
rElec   +          Harm     .   (no cloak)
rCorr   .          Rampage  .   o - +1 pair of gloves
Will    .....                   (no boots)
Stlth   ..........              (no amulet)
HPRegen 0.11/turn               (no ring)
MPRegen 0.09/turn               (no ring)

@: no status effects
A: sickness immunity, AC +4, negative energy resistance 1, electricity
resistance, torment resistance 1, petrification resistance
a: Renounce Religion


You were on level 4 of the Dungeon.
You worshipped Okawaru.
Okawaru was noncommittal.
You visited 2 branches of the dungeon, and saw 5 of its levels.

You collected 200 gold pieces.

Inventory:

Hand Weapons
 a - a +1 war axe (weapon)
 m - a +0 flail
Armour
 b - a +0 scale mail (worn)
 c - a +0 buckler (worn)
 j - a +0 helmet (worn)
 o - a +1 pair of gloves (worn)
Jewellery
 t - an amulet of magic regeneration
Wands
 f - a wand of flame (16)
 q - a wand of digging (5)
 u - a wand of paralysis (14)
Scrolls
 i - a scroll of fog
 p - 3 scrolls of enchant armour
 v - a scroll of vulnerability {unknown}
 w - a scroll of identify
Potions
 d - 2 potions of might
 e - 3 potions of haste
 g - 2 potions of heal wounds
 h - a potion of curing {unknown}
 k - a potion of resistance {unknown}
 l - a potion of degeneration {unknown}
 n - a potion of brilliance {unknown}
 r - a potion of flight {unknown}
 s - a potion of attraction {unknown}


   Skills:
 + Level 4.1 Fighting
 + Level 3.6 Axes
 + Level 4.1 Armour
 + Level 3.8 Shields
 * Level 0.1 Invocations
 * Level 0.3 Evocations


You had 4 spell levels left.
You didn't know any spells.
Your spell library was empty.

Dungeon Overview and Level Annotations

Branches:
Dungeon (4/15)             Temple (1/1) D:4

Altars:
Ashenzari
Cheibriados
Elyvilon
Fedhas
Hepliaklqana
Nemelex Xobeh
Okawaru
Ru
Xom
Zin


Innate Abilities, Weirdness & Mutations

You are immune to sickness and miasma.
Your stone body is resilient. (AC +4)
You are immune to poison.
You resist negative energy. (rN+)
You are resistant to electric shocks. (rElec)
You are resistant to unholy torment.
You are immune to petrification.


Message History

No target in view!
You now have 200 gold pieces (gained 18).
Found a stone staircase leading down.
Found 21 stones.
No target in view!
You open the door.
There is an open door here.
w - a scroll of identify 2 gnolls come into view.
The gnoll shouts! x2; You hear a shout! 2 gnolls come into view.
The gnoll shouts! x2
The gnoll hits you from afar with a +0 halberd.
You barely miss the gnoll. You block the gnoll's attack. x2
The gnoll hits you from afar with a +0 spear.
The gnoll hits you but does no damage.
The gnoll hits you from afar with a +0 halberd.
You barely miss the gnoll.
The gnoll hits you from afar with a +0 spear. x2
The gnoll hits you with a +0 spear. The gnoll barely misses you.
The gnoll hits you but does no damage.
You are too injured to fight recklessly!
You are too injured to fight recklessly!
You are too injured to fight recklessly!
You are too injured to fight recklessly!
You are too injured to fight recklessly!
You are too injured to fight recklessly!
Unknown command.
The gnoll hits you but does no damage. x2
The gnoll hits you with a +0 halberd.
* * * LOW HITPOINT WARNING * * *
The gnoll misses you.
Unknown command.
You barely miss the gnoll. You closely miss the gnoll. You hit the gnoll.
You block the gnoll's attack. The gnoll hits you but does no damage.
The gnoll hits you with a +0 halberd!
* * * LOW HITPOINT WARNING * * *
You block the gnoll's attack.
The gnoll hits you from afar with a +0 spear.
You die...

...............#
...............#
................#
######................#
##.....................#
.......>.......g.......#
..........(......g.....#
................@g.....#
...............g.......#
.......................#
.......................#
###'###................#
#....+................#
#....#................#
##...#................#
#...#................


You could see 4 gnolls.

Vanquished Creatures
  Terence (D:3)
  4 adders
  3 worms
  4 dart slugs
  5 orcs
  9 ball pythons
  7 endoplasms
  4 giant cockroaches
  8 goblins
  9 hobgoblins
  2 jackals (D:2)
  7 kobolds
  2 quokkas
  8 bats
  2 frilled lizards
  4 rats
79 creatures vanquished.

Notes
Turn   | Place    | Note
-------+----------+-------------------------------------------
     0 | D:1      | bande the Gargoyle Fighter began the quest for the Orb.
     0 | D:1      | Reached XP level 1. HP: 14/14 MP: 1/1
   161 | D:1      | Reached XP level 2. HP: 15/19 MP: 2/2
   704 | D:1      | Reached XP level 3. HP: 24/24 MP: 3/3
   847 | D:1      | Found a faded altar of an unknown god.
  1445 | D:2      | Reached XP level 4. HP: 22/29 MP: 4/4
  1957 | D:3      | Found a white marble altar of Elyvilon.
  2155 | D:3      | Noticed Terence
  2170 | D:3      | Killed Terence
  2171 | D:3      | Reached XP level 5. HP: 21/33 MP: 5/5
  2769 | D:3      | Found a sparkling altar of Nemelex Xobeh.
  2779 | D:3      | Found a shimmering altar of Xom.
  2949 | D:4      | Found a staircase to the Ecumenical Temple.
  2973 | Temple   | Entered the Ecumenical Temple
  3005 | Temple   | Became a worshipper of Warmaster Okawaru
  3444 | D:4      | HP: 1/33 [gnoll/+0 halberd (8)]
  3444 | D:4      | Slain by a gnoll

Illustrated notes

Levels and vault maps discovered:
D:1:      minmay_arrival_stair_chambers, layout_basic,
          shapermc_ecumenical_altar_flowoftime
D:2:      layout_basic, grunt_ministairs_7
D:3:      layout_basic, mainiacjoe_overflow_six_doors_small, lemuel_round_altar,
          nemelex_dance_club_becter, uniq_terence
D:4:      minmay_angry_zag, layout_gridville, minmay_temple_entry_glass,
          minmay_misc_feat_plants
Temple:   nicolae_temple_elliptical

Skill      XL: |  1  2  3  4 |
---------------+-------------+-----
Axes           | 2 3 |  3.6
Armour         | 4 |  4.1
Fighting       | 4 |  4.1
Shields        | |  3.8
Invocations    | |  0.1
Evocations     | |  0.3

Action                   |  1- 3 |  4- 6 || total
-------------------------+-------+-------++-------
Melee: War axe           |   110 |   145 ||   255
  Use: Scroll            |     4 |     5 ||     9
Armor: Scale mail        |    73 |    93 ||   166
Dodge: Dodged            |    53 |    78 ||   131
Block: Buckler           |    19 |    32 ||    51

Table legend: (Time is in decaauts)
 A = Elapsed time spent in this place.
 B = Non-inter-level travel time spent in this place.
 C = Inter-level travel time spent in this place.
 D = Time resting spent in this place.
 E = Time spent auto-exploring this place.
 F = Levels seen in this place.
 G = Mean time per level.
                   A        B        C        D        E       F      G
               +--------+--------+--------+--------+--------+-----+--------+
         Total |   3546 |   3503 |     43 |    450 |   2279 |   5 |  709.2 |
       Dungeon |   3480 |   3437 |     43 |    450 |   2258 |   4 |  870.0 |
        Temple |     65 |     65 |      0 |      0 |     21 |   1 |   65.0 |
               +--------+--------+--------+--------+--------+-----+--------+

Top non-repeatable levels by time:
     D:1: 1088 daAuts
     D:3: 1021 daAuts
     D:2: 858 daAuts
     D:4: 511 daAuts
  Temple: 65 daAuts
